 Dungeon Crawl Stone Soup version 0.31-a0-986-g5e6e4ef867 (webtiles) character file.

Game seed: 16332687212073650760

17763 quinnr the Zephyrmancer (level 12, -8/76 HPs)
             Began as a Tengu Air Elementalist on Nov 4, 2023.
             Was a Priest of Sif Muna.
             Mangled by a thrashing horror (12 damage)
             ... on level 2 of the Abyss.
             The game lasted 00:29:04 (13540 turns).

quinnr the Zephyrmancer (Tengu Air Elementalist)   Turns: 13540, Time: 00:29:05

Health: -8/76      AC:  3    Str: 10    XL:     12   Next: 51%
Magic:  34/37      EV: 21    Int: 19    God:    Sif Muna [***...]
Gold:   385        SH:  0    Dex: 15    Spells: 15/25 levels left

rFire   . . .        o - +0 dagger (venom)
rCold   . . .        (no shield)
rNeg    . . .        a - +0 robe
rPois   .            (helmet restricted)
rElec   .            Q - +0 cloak
rCorr   +            (no gloves)
SInv    .            (boots unavailable)
Will    .....        s
                       - Hermit's Pendant {Faith Invo=14 Evo=0 MP+5}
Stlth   +++          R - ring of resist corrosion
HPRegen 0.32/turn    M - ring of magical power
MPRegen 0.25/turn

%: acrobat, faith
@: weak-willed, flying, hasted, very quick
A: beak, talons 3, evasive flight, acrobatic
a: Renounce Religion, Channel Magic, Forget Spell


You were on level 2 of the Abyss.
You worshipped Sif Muna.
Sif Muna was most pleased with you.
You visited 2 branches of the dungeon, and saw 10 of its levels.
You visited the Abyss 1 time.
You also visited: Bailey.

You collected 385 gold pieces.


Innate Abilities, Weirdness & Mutations

You have a beak for a mouth.
You have claws for feet.
Your magical flight helps you evade attacks. (EV +4)
You can magically evade attacks while moving or waiting.


   Skills:
 - Level 9.5 Fighting
 - Level 10.5 Dodging
 - Level 5.0 Stealth
 - Level 4.8 Shields
 - Level 7.0 Spellcasting
 - Level 4.0 Conjurations
 + Level 14.1 Air Magic


You had 15 spell levels left.
You knew the following spells:

 Your Spells              Type           Power      Damage    Failure   Level
a - Airstrike             Air            28%        2d(5-21)  1%          4
i - Swiftness             Air            57%        N/A       1%          3
t - Static Discharge      Conj/Air       82%        3-7/arc   1%          2
z - Shock                 Conj/Air       100%       1d9       1%          1

Your spell library contained the following spells:

 Spells                   Type           Power      Damage    Failure   Level
 Necrotise                Necr           24%        1d5       10%         1
 Hailstorm                Conj/Ice       14%        3d5       13%         3
 Vampiric Draining        Necr           6%         2d6       30%         3
 Summon Ice Beast         Ice/Summ       6%         N/A       69%         4
 Agony                    Necr           6%         N/A       95%         5
 Summon Mana Viper        Hex/Summ       6%         N/A       95%         5
 Simulacrum               Ice/Necr       3%         N/A       100%        6
 Monstrous Menagerie      Summ           3%         N/A       100%        7

Inventory:

Hand Weapons
 o - a +0 dagger of venom (weapon)
 q - a +0 whip of flaming
 y - a +3 dagger
 V - a +1 dagger of speed
Missiles
 K - 3 atropa-tipped darts
Armour
 a - a +0 robe (worn)
 w - a +0 buckler
 H - an orb of energy
 Q - a +0 cloak (worn)
Jewellery
 c - a ring of protection from cold
 m - a ring of magical power
 s - the Hermit's Pendant (around neck) {Faith Invo=14 Evo=0 MP+5}
   (You found it on level 5 of the Dungeon)

   [amulet of faith]

   Invo=14: It sets your Invocations skill to 14.
   Evo=0: It sets your Evocations skill to 0.
   Faith:     It allows you to gain divine favour quickly.
   MP+5:      It affects your magic capacity (+5).
 C - a ring of ice
 F - a ring of fire
 M - a ring of magical power (right hand)
 N - a ring of positive energy
 R - a ring of resist corrosion (left hand)
 S - a +6 ring of strength
Wands
 r - a wand of mindburst (12)
 t - a wand of roots (9)
 v - a wand of acid (15)
 x - a wand of polymorph (9)
 G - a wand of digging (4)
 P - a wand of charming (13)
 T - a wand of flame (10)
Scrolls
 d - 3 scrolls of blinking {unknown}
 e - a scroll of torment
 f - 2 scrolls of fog {unknown}
 g - 5 scrolls of identify {@r1}
 h - a scroll of fear {unknown}
 j - 3 scrolls of revelation
 l - a scroll of noise {unknown}
 p - 2 scrolls of teleportation {unknown}
 J - 3 scrolls of enchant weapon {unknown}
 L - a scroll of amnesia {unknown}
 U - a scroll of brand weapon {unknown}
Potions
 b - 4 potions of magic
 i - 2 potions of attraction {unknown}
 k - 3 potions of invisibility {unknown}
 n - a potion of curing {@q1}
 u - 4 potions of mutation {unknown}
 z - a potion of enlightenment {unknown}
 A - 3 potions of brilliance {unknown}
 B - 7 potions of heal wounds {unknown}
 D - a potion of haste {@q3}
 E - 2 potions of might {unknown}
 I - a potion of cancellation {unknown}

Dungeon Overview and Level Annotations

Branches:
Dungeon (9/15)             Temple (1/1) D:7            Lair (0/5) D:8
 Bailey (visited)
    Orc: D:9-12

Altars:
Ashenzari
Cheibriados
Dithmenos
Elyvilon
Fedhas
Gozag
Hepliaklqana
Kikubaaqudgha
Makhleb
Nemelex Xobeh
Okawaru
Qazlal
Sif Muna
Trog
Uskayaw
Vehumet
Wu Jian
Xom
Yredelemnul
Zin
The Shining One

Annotations:
D:3 1 runed translucent door, Crazy Yiuf
D:9 Erolcha

▒▓. ▓.▒. .. ▓...
...▒▒▒. ~≈~ ##
▒..▓░..▒...#.~~ #.#
▓..▓.... #~#▒▒..# .
▓...... ..~≈▒.... ▒..
....# ##▒~§~..▒#..
░.░..▒#.##≈~~~§x~▒▒..
. .......@.5#.
~..~~▒. .#
#.....##X#....~~♣
.▒.# ▒ ..▒▒.
..###.▒~~~♣▒..▒ ▒
▓.▓.## #~~~≈~≈.▒▒▒▒▒
▒▓. #...▒~~~~.▒...▓
.. # ##.~~~▒▒. ..▒▒ .
#. #▓≈.░♣~▒....▒
~~~#.░▒.. ▒▒▒ ▒▒
▒~~≈~░░.▒▒...▒


You could see a thrashing horror (weak-willed) and a crimson imp (weak-willed).


Message History

The thrashing horror tramples you!
* * * LOW HITPOINT WARNING * * *
You hold your ground!
The thrashing horror tramples you.
* * * LOW HITPOINT WARNING * * *
You hold your ground!
The thrashing horror closely misses you.
The thrashing horror barely misses you.
Unknown command.
Okay, then.
Unknown command.
As you read the scroll labelled BYOROR ZUUCVO, it crumbles to dust.
Magic quickly surges around you.
It was a scroll of vulnerability.
The thrashing horror barely misses you. The thrashing horror misses you.
The thrashing horror tramples you.
* * * LOW HITPOINT WARNING * * *
You hold your ground!
The thrashing horror tramples you.
* * * LOW HITPOINT WARNING * * *
You hold your ground!
Unknown command.
Unknown command.
Unknown command.
You no longer feel sluggish.
The thrashing horror completely misses you. x2
A fire bat comes into view.
The thrashing horror closely misses you.
The thrashing horror completely misses you.
The fire bat moves out of view.
It was a potion of haste.
You feel yourself speed up. The thrashing horror tramples you!
You die...

Skill      XL: |  1  2  3  4  5  6  7  8  9 10 11 12 |
---------------+-------------------------------------+-----
Air Magic      | 5 6 7 8 9 11 13 14 | 14.1
Fighting       | 3 6 8 9 |  9.5
Dodging        | 3 5 9 10 | 10.5
Spellcasting   | 3 5 6 7 |  7.0
Stealth        | 5 |  5.0
Conjurations   | 3 4 |  4.0
Shields        | 4 |  4.8

Action                     |  1- 3 |  4- 6 |  7- 9 | 10-12 || total
---------------------------+-------+-------+-------+-------++-------
  Melee: Unarmed           |     8 |     3 |       |       ||    11
         Peck              |     3 |     2 |    12 |     1 ||    18
         Kick              |     2 |     3 |    22 |     7 ||    34
         Dagger            |       |    10 |    62 |    19 ||    91
   Cast: Shock             |    95 |   127 |   118 |    44 ||   384
         Airstrike         |       |       |    67 |   146 ||   213
         Static Discharge  |       |       |    20 |     9 ||    29
         Swiftness         |       |       |       |     3 ||     3
  Evoke: Wand              |       |       |     3 |     1 ||     4
    Use: Potion            |       |     3 |     1 |     2 ||     6
         Scroll            |       |       |     1 |     2 ||     3
   Stab: Sleeping          |       |       |     4 |       ||     4
 Armour: Robe              |    14 |    30 |    96 |    62 ||   202
  Dodge: Dodged            |    40 |    36 |   170 |   145 ||   391

Levels and vault maps discovered:
D:1:      wander_arrival_estate, layout_basic,
          shapermc_ecumenical_altar_mp_urbaneastern, minmay_cut_off
D:2:      minmay_recursive_quarters, layout_basic
D:3:      layout_basic, mainiacjoe_overflow_boulevard, serial_aquarium,
          aquarium_bridge_square [aquarium_subvault_bridge,
          aquarium_subvault_bridge, aquarium_subvault_wall,
          aquarium_subvault_window], aquarium_window_fake, aquarium_window_fake,
          aquarium_window_2, aquarium_view_2b, aquarium_balcony_3a,
          aquarium_pool_2, minmay_hedge_maze, amcnicky_mini_corridor_feature,
          uniq_crazy_yiuf_cottage
D:4:      layout_layer_cave, mainiacjoe_overflow_24_doors,
          nicolae_elevator_lobby_asterisk, uniq_pikel, uniq_blork_the_orc,
          uniq_grinder
D:5:      layout_cave_pools, hellmonk_guarded_unrand_hermit
D:6:      layout_gridville, kennysheep_mini_moat, tso_oasis_becter, st_stairs_6,
          hangedman_decor_riveting, chequers_serial_rivers_small_a,
          minmay_a_box_with_orc_wizards_in_it
D:7:      layout_layer_cave, minmay_temple_entry_trees, enter_bailey_3,
          minmay_fire_ice_demons, uniq_joseph, uniq_menkaure, uniq_jeremiah
D:8:      layout_basic, tgw_trog, due_lair_maze_entry_diamond, st_stairs_7,
          uniq_maurice, uniq_grum
D:9:      layout_irregular_city, uniq_erolcha
Temple:   nicolae_temple_superstar
Abyss:2:  base:
D:8

Notes
Turn   | Place    | Note
-------+----------+-------------------------------------------
     0 | D:1      | quinnr the Tengu Air Elementalist began the quest for the
                  | Orb.
     0 | D:1      | Reached XP level 1. HP: 10/10 MP: 4/4
   194 | D:1      | Reached XP level 2. HP: 13/15 MP: 1/6
   452 | D:1      | Reached skill level 5 in Air Magic
   476 | D:1      | Found a faded altar of an unknown god.
   673 | D:1      | Reached XP level 3. HP: 11/19 MP: 7/7
  1342 | D:2      | Reached skill level 6 in Air Magic
  1596 | D:2      | Reached XP level 4. HP: 24/24 MP: 8/8
  2746 | D:3      | HP: 2/24 [orc/+0 falchion (5)]
  2763 | D:3      | Reached skill level 7 in Air Magic
  2766 | D:3      | Reached XP level 5. HP: 6/28 MP: 9/9
  3019 | D:3      | Found a sparkling altar of Nemelex Xobeh.
  3313 | D:3      | Found a runed translucent door.
  3314 | D:3      | Noticed Crazy Yiuf
  3582 | D:3      | Reached skill level 8 in Air Magic
  3616 | D:3      | Reached XP level 6. HP: 23/32 MP: 3/10
  4161 | D:4      | Reached skill level 9 in Air Magic
  4389 | D:4      | Reached skill level 1 in Fighting
  4451 | D:4      | Noticed Grinder
  4491 | D:4      | Killed Grinder
  4492 | D:4      | Reached skill level 3 in Fighting
  4492 | D:4      | Gained mutation: Your magical flight helps you evade
                  | attacks. (EV +4) [Tengu growth]
  4492 | D:4      | Reached XP level 7. HP: 19/42 MP: 11/11
  4579 | D:4      | Noticed Pikel
  4693 | D:4      | Reached skill level 4 in Fighting
  4724 | D:4      | Reached skill level 5 in Fighting
  4851 | D:4      | Learned a level 2 spell: Static Discharge
  4856 | D:4      | Learned a level 4 spell: Airstrike
  4917 | D:4      | Found a stormy altar of Qazlal.
  4958 | D:4      | Killed Pikel
  4959 | D:4      | Reached skill level 6 in Fighting
  4959 | D:4      | Reached skill level 3 in Dodging
  4959 | D:4      | Reached skill level 3 in Spellcasting
  4959 | D:4      | Reached XP level 8. HP: 51/51 MP: 0/13
  5010 | D:4      | Noticed Blork the orc
  5045 | D:4      | Killed Blork the orc
  5046 | D:4      | Reached skill level 4 in Dodging
  5448 | D:5      | Entered Level 5 of the Dungeon
  5764 | D:4      | Reached skill level 4 in Spellcasting
  5933 | D:4      | Reached skill level 5 in Dodging
  6200 | D:5      | Reached skill level 5 in Spellcasting
  6308 | D:5      | Found a faded altar of an unknown god.
  6308 | D:5      | Found the Hermit's Pendant {Faith Invo=14 Evo=0 MP+5}
  6383 | D:5      | Reached XP level 9. HP: 56/56 MP: 17/17
  6933 | D:6      | Found a white marble altar of Elyvilon.
  7041 | D:6      | Reached skill level 7 in Fighting
  7373 | D:6      | Reached skill level 8 in Fighting
  7742 | D:6      | Reached skill level 3 in Stealth
  8100 | D:6      | Found a glowing golden altar of the Shining One.
  8299 | D:7      | Reached skill level 4 in Stealth
  8303 | D:7      | Reached skill level 6 in Spellcasting
  8313 | D:7      | Reached skill level 5 in Stealth
  8349 | D:7      | Found a flagged portal.
  8358 | Bailey   | Entered a bailey
  8652 | Bailey   | Learned a level 3 spell: Swiftness
  8669 | Bailey   | Reached skill level 2 in Conjurations
  8992 | D:7      | Found a staircase to the Ecumenical Temple.
  9011 | D:7      | Noticed Jeremiah
  9020 | Temple   | Entered the Ecumenical Temple
  9038 | Temple   | Became a worshipper of Sif Muna the Loreminder
  9082 | D:7      | Killed Jeremiah
  9083 | D:7      | Reached skill level 3 in Conjurations
  9083 | D:7      | Reached XP level 10. HP: 64/64 MP: 21/21
  9145 | D:7      | Noticed Menkaure
  9146 | D:7      | Killed Menkaure
  9355 | D:7      | Noticed Joseph
  9360 | D:7      | Killed Joseph
  9361 | D:7      | Reached skill level 6 in Dodging
  9709 | D:7      | Reached skill level 10 in Air Magic
 10128 | D:7      | Reached skill level 7 in Spellcasting
 10498 | D:8      | Noticed Grum
 10502 | D:8      | Killed Grum
 10502 | D:8      | Reached * piety under Sif Muna
 10503 | D:8      | Reached skill level 7 in Dodging
 10624 | D:8      | Noticed Maurice
 10630 | D:8      | Killed Maurice
 10820 | D:8      | Reached skill level 8 in Dodging
 10945 | D:8      | Reached skill level 9 in Dodging
 11093 | D:8      | Reached skill level 4 in Conjurations
 11415 | D:7      | Reached skill level 11 in Air Magic
 11415 | D:7      | Reached XP level 11. HP: 59/68 MP: 22/22
 11612 | D:8      | Reached ** piety under Sif Muna
 11618 | D:8      | Reached skill level 12 in Air Magic
 12378 | D:8      | Noticed a moth of wrath
 12422 | D:8      | Found a staircase to the Lair.
 12629 | D:8      | Found a bloodstained altar of Trog.
 12647 | D:8      | Killed a moth of wrath
 12648 | D:8      | Reached skill level 13 in Air Magic
 13020 | D:9      | Noticed Erolcha
 13188 | D:9      | Reached *** piety under Sif Muna
 13414 | D:9      | You are cast into the Abyss!
 13414 | Abyss:2  | Cast into level 2 of the Abyss (Erolcha)
 13415 | Abyss:2  | Reached skill level 9 in Fighting
 13415 | Abyss:2  | Reached skill level 10 in Dodging
 13415 | Abyss:2  | Reached skill level 4 in Shields
 13415 | Abyss:2  | Reached XP level 12. HP: 76/76 MP: 23/23
 13422 | Abyss:2  | Noticed a demonic crawler
 13427 | Abyss:2  | Noticed a thrashing horror
 13427 | Abyss:2  | Noticed a thrashing horror
 13467 | Abyss:2  | Reached skill level 14 in Air Magic
 13500 | Abyss:2  | Noticed an eidolon
 13508 | Abyss:2  | Noticed a thrashing horror
 13509 | Abyss:2  | Noticed a thrashing horror
 13537 | Abyss:2  | HP: 5/76 [thrashing horror (5)]
 13540 | Abyss:2  | Mangled by a thrashing horror

Vanquished Creatures
  Pikel (D:4)
  Maurice (D:8)
  A moth of wrath (D:8)
  Joseph (D:7)
  A smoke demon (Abyss:2)
  Jeremiah (D:7)
  2 komodo dragons (D:8)
  Grinder (D:4)
  A hornet (D:7)
  A wraith (D:9)
  A fire bat (Abyss:2)
  10 yaks
  Grum (D:8)
  2 steam dragons
  Menkaure (D:7)
  4 water moccasins
  A sky beast (D:7)
  3 black bears
  2 orc warriors
  An ice beast (D:6)
  An ogre (D:4)
  5 centaurs
  4 wolves (D:8)
  A phantom (D:6)
  3 lemures (D:4)
  A kobold brigand (D:9)
  Blork the orc (D:4)
  11 bullfrogs
  3 scorpions
  5 wights (D:6)
  4 howler monkeys
  A crimson imp (D:7)
  3 hounds
  A jelly (D:7)
  A gnoll bouda (D:3)
  10 orc priests
  2 sleepcaps (D:6)
  2 iguanas
  14 orc wizards
  17 gnolls
  9 adders
  2 white imps (D:7)
  2 ufetubi (D:6)
  8 worms
  3 dart slugs
  46 orcs
  8 ball pythons
  11 bats
  9 endoplasms
  4 giant cockroaches
  13 goblins
  11 hobgoblins
  7 jackals
  14 kobolds
  3 quokkas
  A frilled lizard (D:2)
  5 rats
283 creatures vanquished.

Table legend: (Time is in decaauts)
 A = Elapsed time spent in this place.
 B = Non-inter-level travel time spent in this place.
 C = Inter-level travel time spent in this place.
 D = Time resting spent in this place.
 E = Time spent auto-exploring this place.
 F = Levels seen in this place.
 G = Mean time per level.
                   A        B        C        D        E       F      G
               +--------+--------+--------+--------+--------+-----+--------+
         Total |  13551 |  13287 |    264 |   1760 |   9427 |  12 | 1129.2 |
       Dungeon |  12761 |  12497 |    264 |   1569 |   9163 |   9 | 1417.9 |
        Temple |     37 |     37 |      0 |      0 |      0 |   1 |   37.0 |
         Abyss |    126 |    126 |      0 |     18 |      0 |   1 |  126.0 |
        Bailey |    625 |    625 |      0 |    173 |    264 |   1 |  625.0 |
               +--------+--------+--------+--------+--------+-----+--------+

Top non-repeatable levels by time:
     D:7: 2454 daAuts
     D:3: 1798 daAuts
     D:4: 1689 daAuts
     D:6: 1581 daAuts
     D:8: 1369 daAuts
     D:2: 1277 daAuts
     D:1: 1220 daAuts
     D:5: 734 daAuts
     D:9: 634 daAuts
  Bailey: 625 daAuts
 Abyss:2: 126 daAuts
  Temple: 37 daAuts

Table legend:
 A = Non-vault XP
 B = Vault XP
 C = Vault XP percentage of total XP
 D = Non-vault monster count
 E = Vault monster count
 F = Vault count percentage of total count
                 A         B        C        D         E       F
            +---------+---------+-------+---------+---------+-------
      Total |    7858 |    6283 |  44.4 |     202 |      78 |  27.9
            +---------+---------+-------+---------+---------+-------
        D:1 |      46 |       8 |  14.8 |      25 |       4 |  13.8
        D:2 |      35 |      19 |  35.2 |      12 |       9 |  42.9
        D:3 |     239 |       0 |   0.0 |      26 |       0 |   0.0
        D:4 |     686 |     970 |  58.6 |      39 |       3 |   7.1
        D:5 |     417 |      35 |   7.7 |       9 |       1 |  10.0
        D:6 |    1099 |     217 |  16.5 |      24 |       6 |  20.0
        D:7 |    2366 |    1274 |  35.0 |      24 |      10 |  29.4
        D:8 |     985 |    3454 |  77.8 |      24 |      24 |  50.0
        D:9 |    1352 |       0 |   0.0 |      17 |       0 |   0.0
    Abyss:2 |     633 |       0 |   0.0 |       2 |       0 |   0.0
     Bailey |       0 |     306 | 100.0 |       0 |      21 | 100.0
            +---------+---------+-------+---------+---------+-------

Levels and vault maps discovered:
D:1:      wander_arrival_estate, layout_basic,
          shapermc_ecumenical_altar_mp_urbaneastern, minmay_cut_off
D:2:      minmay_recursive_quarters, layout_basic
D:3:      layout_basic, mainiacjoe_overflow_boulevard, serial_aquarium,
          aquarium_bridge_square [aquarium_subvault_bridge,
          aquarium_subvault_bridge, aquarium_subvault_wall,
          aquarium_subvault_window], aquarium_window_fake, aquarium_window_fake,
          aquarium_window_2, aquarium_view_2b, aquarium_balcony_3a,
          aquarium_pool_2, minmay_hedge_maze, amcnicky_mini_corridor_feature,
          uniq_crazy_yiuf_cottage
D:4:      layout_layer_cave, mainiacjoe_overflow_24_doors,
          nicolae_elevator_lobby_asterisk, uniq_pikel, uniq_blork_the_orc,
          uniq_grinder
D:5:      layout_cave_pools, hellmonk_guarded_unrand_hermit
D:6:      layout_gridville, kennysheep_mini_moat, tso_oasis_becter, st_stairs_6,
          hangedman_decor_riveting, chequers_serial_rivers_small_a,
          minmay_a_box_with_orc_wizards_in_it
D:7:      layout_layer_cave, minmay_temple_entry_trees, enter_bailey_3,
          minmay_fire_ice_demons, uniq_joseph, uniq_menkaure, uniq_jeremiah
D:8:      layout_basic, tgw_trog, due_lair_maze_entry_diamond, st_stairs_7,
          uniq_maurice, uniq_grum
D:9:      layout_irregular_city, uniq_erolcha
Temple:   nicolae_temple_superstar
Abyss:2:  base:
D:8
